 Dungeon Crawl Stone Soup version 0.32-a0-350-g4f4d228785 (webtiles) character file.

Game seed: 10562826534543725923

60 Bobbunny the Sneak (level 4, -5/23 HPs)
             Began as a Vine Stalker Brigand on Feb 18, 2024.
             Slain by Terence
             ... wielding a +4 trident of venom
              (8 damage)
             ... on level 2 of the Dungeon.
             The game lasted 00:01:14 (891 turns).

Bobbunny the Sneak (Vine Stalker Brigand)            Turns: 891, Time: 00:01:14

Health: -5/23      AC:  4    Str: 14    XL:     4   Next: 4%
Magic:  0/5        EV: 12    Int: 11    God:
Gold:   133        SH:  0    Dex: 17    Spells: 3/3 levels left

rFire   . . .        a - +2 dagger
rCold   . . .        (no shield)
rNeg    . . .        b - +0 robe
rPois   .            d - +0 helmet
rElec   .            c - +0 cloak
rCorr   .            (no gloves)
SInv    +            (no boots)
Will    .....        (no amulet)
Stlth   +++          h - ring of see invisible
HPRegen 1.03/turn    (no ring)
MPRegen 0.09/turn

%: guardian spirit
@: lethally poisoned (-5 -> -16)
A: fangs 2, regeneration 1, magic shield, antimagic bite, no potion heal 2
a: no special abilities


You were on level 2 of the Dungeon.
You visited 1 branch of the dungeon, and saw 2 of its levels.

You collected 133 gold pieces.

Inventory:

Hand Weapons
 a - a +2 dagger (weapon)
Missiles
 e - a curare-tipped dart (quivered)
 f - 5 poisoned darts
 g - 6 javelins
Armour
 b - a +0 robe (worn)
 c - a +0 cloak (worn)
 d - a +0 helmet (worn)
Jewellery
 h - a ring of see invisible (left hand)
Scrolls
 i - a scroll of noise {unknown}
 j - 3 scrolls of fog {unknown}
 k - a scroll of enchant armour {unknown}
 l - a scroll of identify {unknown}
Potions
 m - a potion of enlightenment {unknown}


   Skills:
 + Level 2.7 Fighting
 + Level 2.8 Short Blades
 - Level 2.0 Throwing
 - Level 1.0 Dodging
 - Level 5.0 Stealth


You had 3 spell levels left.
You didn't know any spells.
Your spell library contained the following spells:

 Spells                   Type           Power      Damage    Failure   Level
 Inner Flame              Hex/Fire       0%         N/A       71%         3
 Irradiate                Conj/Alch      0%         3d11      100%        5
 Ignition                 Fire           0%         3d3       100%        8


Dungeon Overview and Level Annotations

Branches:
Dungeon (2/15)

Altars:

Annotations:
D:2 Terence


Innate Abilities, Weirdness & Mutations

You have extremely sharp teeth.
Your natural rate of healing is unusually fast.
When hurt, damage is shared between your health and your magic reserves.
Your bite disrupts and absorbs the magic of your enemies.
Potions cannot restore your health.


Message History

You feel sick.
You are no longer poisoned.
Throw: 9 darts (poison)
Press: ? - help, Shift-Dir - straight line, f/p - Terence
Aim: Terence, wielding a +4 trident of venom and wearing a +0 chain mail (severely wounded, 67% to hit)
You throw a poisoned dart.
The poisoned dart completely misses Terence.
Throw: 8 darts (poison)
Press: ? - help, Shift-Dir - straight line, f/p - Terence
Aim: Terence, wielding a +4 trident of venom and wearing a +0 chain mail (severely wounded, 67% to hit)
You throw a poisoned dart.
The poisoned dart barely misses Terence.
Throw: 7 darts (poison)
Press: ? - help, Shift-Dir - straight line, f/p - Terence
Aim: Terence, wielding a +4 trident of venom and wearing a +0 chain mail (severely wounded, 67% to hit)
You throw a poisoned dart. The poisoned dart hits Terence.
Terence is poisoned.
Terence is severely wounded.
Throw: 6 darts (poison)
Press: ? - help, Shift-Dir - straight line, f/p - Terence
Aim: Terence, wielding a +4 trident of venom and wearing a +0 chain mail (severely wounded, poisoned, 67% to hit)
You throw a poisoned dart. The poisoned dart hits Terence.
Terence is severely wounded.
Terence hits you from afar with a +4 trident of venom.
You are poisoned.
You feel very sick.
Terence looks more healthy.
Terence hits you with a +4 trident of venom.
You hit Terence but do no damage.
Terence is almost dead.
You feel sick.
Terence hits you with a +4 trident of venom!
You are lethally poisoned!
You hit Terence but do no damage. You bite Terence, but do no damage.
Terence is almost dead.
* * * LOW HITPOINT WARNING * * *
You feel very sick.
Terence bares his teeth.
Terence hits you with a +4 trident of venom!
You die...
Terence says, "Rest in peace."

##### #...# ############...##
#... ............
##############.##########.....
............@@..........'....>
######......##.#.########...#.
#.......#.# ..>....<...#.
#....##'############...#.
#....#.......... #.(.#
#.(..#..#....... ##'##
#(...#..#.###### #.#
####(...#..#.# ..# #.#
#...(...#..#.# #..# #.#


You could see Terence.

Vanquished Creatures
  2 dart slugs (D:1)
  5 endoplasms
  3 giant cockroaches
  4 hobgoblins
  4 jackals (D:1)
  A ball python (D:2)
  7 bats
  3 kobolds
  A rat (D:1)
30 creatures vanquished.

Notes
Turn   | Place    | Note
-------+----------+-------------------------------------------
     0 | D:1      | Bobbunny the Vine Stalker Brigand began the quest for the
                  | Orb.
     0 | D:1      | Reached XP level 1. HP: 11/11 MP: 2/2
    68 | D:1      | Reached skill level 1 in Dodging
    68 | D:1      | Reached XP level 2. HP: 15/15 MP: 3/3
   106 | D:1      | Reached skill level 5 in Stealth
   369 | D:1      | Reached XP level 3. HP: 18/18 MP: 4/4
   838 | D:2      | Noticed Terence
   849 | D:2      | Reached XP level 4. HP: 23/23 MP: 5/5
   891 | D:2      | Slain by Terence

Illustrated notes

Levels and vault maps discovered:
D:1:      evilmike_arrival_crescent, layout_loops_ring
D:2:      layout_basic, kennysheep_small_spiral, minmay_vboxes, uniq_sigmund,
          uniq_terence

Skill      XL: |  1  2 |
---------------+-------+-----
Short Blades   | 2 |  2.8
Dodging        | 1 |  1.0
Fighting       | 2 |  2.7
Stealth        | 5 |  5.0
Throwing       | 2 |  2.0

Action                     |  1- 3 |  4- 6 || total
---------------------------+-------+-------++-------
  Melee: Dagger            |    65 |    10 ||    75
         Bite              |    10 |     2 ||    12
  Throw: Dart              |       |     6 ||     6
   Stab: Sleeping          |     9 |       ||     9
 Armour: Robe              |    37 |    11 ||    48
  Dodge: Dodged            |    38 |     9 ||    47

Table legend: (Time is in decaauts)
 A = Elapsed time spent in this place.
 B = Non-inter-level travel time spent in this place.
 C = Inter-level travel time spent in this place.
 D = Time resting spent in this place.
 E = Time spent auto-exploring this place.
 F = Levels seen in this place.
 G = Mean time per level.
                   A        B        C        D        E       F      G
               +--------+--------+--------+--------+--------+-----+--------+
         Total |    881 |    848 |     33 |      0 |    635 |   2 |  440.5 |
       Dungeon |    881 |    848 |     33 |      0 |    635 |   2 |  440.5 |
               +--------+--------+--------+--------+--------+-----+--------+

Top non-repeatable levels by time:
     D:1: 708 daAuts
     D:2: 172 daAuts
